 Dungeon Crawl Stone Soup version 0.31-a0-221-gbddc013574 (webtiles) character file.

Game seed: 6958710733411811823

1221 qw the Cleaver (level 8, -1/51 HPs)
             Began as a Gargoyle Fighter on July 3, 2023.
             Slain by a two-headed ogre
             ... wielding a +0 giant spiked club
              (23 damage)
             ... on level 6 of the Dungeon.
             The game lasted 00:02:33 (5950 turns).

qw the Cleaver (Gargoyle Fighter)                   Turns: 5950, Time: 00:02:34

Health: -1/51      AC: 15    Str: 22    XL:     8   Next: 47%
Magic:  8/8        EV:  8    Int:  9    God:
Gold:   49         SH:  9    Dex:  9    Spells: 7/7 levels left

rFire   . . .        Y - +1 war axe
rCold   . . .        c - +0 buckler
rNeg    + . .        n - +0 chain mail
rPois   inf          m - +0 helmet
rElec   +            (no cloak)
rCorr   .            (no gloves)
SInv    .            (no boots)
Will    .....        k - amulet of reflection Stlth
                     (no ring)
HPRegen 0.28/turn    (no ring)
MPRegen 0.11/turn

%: reflection
@: no status effects
A: sickness immunity, AC +5, negative energy resistance 1, electricity
resistance, torment resistance 1, petrification resistance
a: no special abilities


You were on level 6 of the Dungeon.
You visited 2 branches of the dungeon, and saw 7 of its levels.

You collected 199 gold pieces.
You spent 150 gold pieces at shops.


Innate Abilities, Weirdness & Mutations

You are immune to sickness and miasma.
Your stone body is resilient. (AC +5)
You are immune to poison.
You resist negative energy. (rN+)
You are resistant to electric shocks. (rElec)
You are resistant to unholy torment.
You are immune to petrification.


   Skills:
 + Level 5.9 Fighting
 - Level 8.0 Axes
 - Level 1.2 Throwing
 - Level 3.2 Armour
 - Level 1.0 Dodging
 - Level 3.2 Shields


You had 7 spell levels left.
You didn't know any spells.
Your spell library was empty.

Inventory:

Hand Weapons
 h - a +0 flail
 Y - a +1 war axe (weapon)
Armour
 c - a +0 buckler (worn)
 e - a +0 pair of boots
 m - a +0 helmet (worn)
 n - a +0 chain mail (worn)
Jewellery
 g - an amulet of the acrobat
 k - an amulet of reflection (around neck)
 r - a +5 ring of evasion
Scrolls
 b - a scroll of identify
 l - a scroll of teleportation
 o - a scroll of poison {unknown}
Potions
 a - a potion of haste
 d - 3 potions of might
 f - a potion of heal wounds
 i - a potion of attraction
 j - a potion of mutation {unknown}
 p - a potion of cancellation
 q - a potion of magic {unknown}
 s - 3 potions of enlightenment

Dungeon Overview and Level Annotations

Branches:
Dungeon (6/15)             Temple (1/1) D:6

Altars:
Ashenzari
Cheibriados
Dithmenos
Gozag
Hepliaklqana
Nemelex Xobeh
Qazlal
Ru
Sif Muna
Trog
Uskayaw
Wu Jian

Shops:
D:5 *   D:6 [

Annotations:
D:4 1 runed translucent door, Crazy Yiuf, Sigmund


Message History

Enter note: You see here 5 stones.
A black bear comes into view.
The black bear growls angrily.
Enter note:
Enter note:
Enter note:
Enter note: You hit the black bear.
The black bear is lightly wounded.
You block the black bear's attack. The black bear barely misses you.
The black bear claws you but does no damage.
You hit the black bear.
The black bear is moderately wounded.
You block the black bear's attack.
The black bear claws you but does no damage.
The black bear closely misses you.
You barely miss the black bear.
The black bear is moderately wounded.
You block the black bear's attack.
The black bear claws you but does no damage.
The black bear completely misses you.
You slash the black bear!
You kill the black bear!
A two-headed ogre comes into view.
It is wielding two +0 giant spiked clubs.
Enter note:
Enter note:
Enter note:
Enter note: The two-headed ogre shouts in stereo!
You hear a croak.
A bullfrog comes into view.
You barely miss the two-headed ogre.
The two-headed ogre hits you with a +0 giant spiked club!!
The two-headed ogre hits you with a +0 giant spiked club!
You barely miss the two-headed ogre. You block the two-headed ogre's attack.
The two-headed ogre barely misses you.
You barely miss the two-headed ogre. The two-headed ogre barely misses you.
The two-headed ogre hits you with a +0 giant spiked club!!
You die...

#+# .# .# .. .##
.. F# ##O# #@.#
#.## #+#########
#.# #.##......#
#.# #.##.####.#
#.#
####.##.####.###.#
........(........#
##....).####.#####
###...#......#


You could see a two-headed ogre and a bullfrog.

Vanquished Creatures
  Grinder (D:4)
  A water moccasin (D:6)
  A black bear (D:6)
  An ogre (D:5)
  A scorpion (D:3)
  An electric eel (D:6)
  2 hounds (D:5)
  2 orc priests (D:5)
  Ijyb (D:4)
  A sleepcap (D:6)
  A gnoll bouda (D:6)
  5 iguanas (D:5)
  Natasha (D:4)
  3 orc wizards
  7 gnolls
  6 adders
  A white imp (D:6)
  2 worms
  3 dart slugs
  13 orcs
  5 bats
  2 endoplasms (D:2)
  4 giant cockroaches
  6 goblins
  6 hobgoblins
  9 jackals
  3 quokkas (D:1)
  4 ball pythons
  2 frilled lizards (D:1)
  6 kobolds
  5 rats
106 creatures vanquished.

Vanquished Creatures (others)
  A wizard (D:4)
1 creature vanquished.

Grand Total: 107 creatures vanquished

Notes
Turn   | Place    | Note
-------+----------+-------------------------------------------
     0 | D:1      | qw the Gargoyle Fighter began the quest for the Orb.
     0 | D:1      | Reached XP level 1. HP: 14/14 MP: 1/1
     0 | D:1      | 0 ||| qw: Version: 0.3-a-40-ge99b1a8
     0 | D:1      | 0 ||| qw: Game counter: 574
     0 | D:1      | 0 ||| qw: Melee chars always use a shield: true
     0 | D:1      | 0 ||| qw: God list: Okawaru
     0 | D:1      | 0 ||| qw: Allow faded altars: false
     0 | D:1      | 0 ||| qw: Do Orc after clearing Dungeon:15 true
     0 | D:1      | 0 ||| qw: Do second Lair branch before Depths: true
     0 | D:1      | 0 ||| qw: Lair rune preference: random
     0 | D:1      | 0 ||| qw: Goals: Normal, Zot:1-4, Slime:5, God:TSO, Crypt,
                  | Tomb, Abyss, Pan, Hells, Win
     0 | D:1      | 0 ||| PLANNING D:1-11
    37 | D:1      | Reached skill level 2 in Axes
    44 | D:1      | 44 ||| Stepping ~*~*~tactically~*~*~ (stealth).
    46 | D:1      | 46 ||| Stepping ~*~*~tactically~*~*~ (hiding).
   177 | D:1      | 177 ||| Stepping ~*~*~tactically~*~*~ (stealth).
   193 | D:1      | Reached XP level 2. HP: 19/19 MP: 2/2
   359 | D:1      | 359 ||| Stepping ~*~*~tactically~*~*~ (stealth).
   364 | D:1      | 364 ||| Stepping ~*~*~tactically~*~*~ (stealth).
   394 | D:1      | 394 ||| Stepping ~*~*~tactically~*~*~ (stealth).
   395 | D:1      | 395 ||| Stepping ~*~*~tactically~*~*~ (stealth).
   442 | D:1      | 442 ||| Stepping ~*~*~tactically~*~*~ (stealth).
   443 | D:1      | 443 ||| Stepping ~*~*~tactically~*~*~ (stealth).
   750 | D:1      | Reached skill level 3 in Axes
   766 | D:1      | Reached XP level 3. HP: 23/23 MP: 3/3
   863 | D:1      | 863 ||| READING 2 scrolls labelled BUMA JORGHUEDUFF.
   868 | D:1      | 868 ||| READING scroll labelled ENU OKKAKLENYU.
  1518 | D:2      | HP: 3/23 [gnoll/+0 spear (3)]
  1518 | D:2      | HP: 1/23 [gnoll/+0 spear (2)]
  1519 | D:2      | 1519 ||| READING scroll of teleportation.
  1521 | D:2      | Reached XP level 4. HP: 2/28 MP: 4/4
  1664 | D:2      | Identified the +0 ring mail "Wurotech" {Str+7 Int-5}
  1710 | D:2      | Reached skill level 4 in Axes
  2025 | D:2      | Found a faded altar of an unknown god.
  2026 | D:2      | 2026 ||| UPGRADING to +0 ring mail "Wurotech" {Str+7
                  | Int-5}.
  2036 | D:2      | 2036 ||| DROPPING +0 scale mail.
  2037 | D:2      | 2037 ||| READING scroll labelled FUM COR WUOCU.
  2038 | D:2      | 2038 ||| DRINKING 2 emerald potions.
  2075 | D:3      | 2075 ||| STAIRDANCE
  2154 | D:3      | 2154 ||| Stepping ~*~*~tactically~*~*~ (stealth).
  2156 | D:3      | 2156 ||| Stepping ~*~*~tactically~*~*~ (hiding).
  2174 | D:3      | Reached XP level 5. HP: 15/32 MP: 5/5
  2243 | D:3      | Found a shimmering blue altar of Sif Muna.
  2659 | D:3      | Reached skill level 5 in Axes
  3015 | D:3      | 3015 ||| UPGRADING to +0 chain mail.
  3025 | D:3      | 3025 ||| DROPPING +0 ring mail "Wurotech" {Str+7 Int-5}.
  3041 | D:3      | 3041 ||| READING scroll labelled SOM PUMYLEYDGHO.
  3042 | D:3      | 3042 ||| READING scroll labelled ZUDDEA GIOST.
  3104 | D:4      | 3104 ||| STAIRDANCE
  3109 | D:3      | Reached XP level 6. HP: 35/38 MP: 6/6
  3221 | D:4      | Found a bloodstained altar of Trog.
  3223 | D:4      | Noticed a wizard
  3227 | D:4      | Killed a wizard
  3294 | D:4      | Found a hide-covered altar of Uskayaw.
  3347 | D:4      | Noticed Grinder
  3358 | D:4      | Paralysed by Grinder for 3 turns
  3371 | D:4      | Paralysed by Grinder for 2 turns
  3373 | D:4      | Killed Grinder
  3374 | D:4      | Reached skill level 6 in Axes
  3467 | D:4      | 3467 ||| Stepping ~*~*~tactically~*~*~ (stealth).
  3480 | D:4      | Reached XP level 7. HP: 43/43 MP: 7/7
  3481 | D:4      | 3481 ||| Stepping ~*~*~tactically~*~*~ (hiding).
  3529 | D:4      | Noticed Ijyb
  3540 | D:4      | 3540 ||| DRINKING 2 potions of curing.
  3540 | D:4      | 3540 ||| (to cure confusion)
  3545 | D:4      | Killed Ijyb
  3546 | D:4      | Reached skill level 1 in Dodging
  3934 | D:4      | Noticed Natasha
  3935 | D:4      | 3935 ||| Stepping ~*~*~tactically~*~*~ (hiding).
  3941 | D:4      | Killed Natasha
  4137 | D:4      | Found a runed translucent door.
  4137 | D:4      | Noticed Sigmund
  4137 | D:4      | Noticed Crazy Yiuf
  4141 | D:4      | 4141 ||| UPGRADING to +0 helmet.
  4146 | D:4      | 4146 ||| UPGRADING to amulet of reflection.
  4151 | D:4      | 4151 ||| READING scroll labelled AGOINA SETHROU.
  4152 | D:4      | 4152 ||| READING scroll labelled GOWEM USTRIOLEA.
  4153 | D:4      | 4153 ||| READING scroll labelled UNANOH COCUFOU.
  4154 | D:4      | 4154 ||| DRINKING 2 fizzy silvery potions.
  4155 | D:4      | 4155 ||| DRINKING 2 clear potions.
  4156 | D:4      | 4156 ||| DRINKING 2 fuming sapphire potions.
  4157 | D:4      | 4157 ||| READING 2 scrolls of identify.
  4157 | D:4      | 4157 ||| IDENTIFYING green potion
  4202 | D:5      | Entered Level 5 of the Dungeon
  4408 | D:5      | 4408 ||| Stepping ~*~*~tactically~*~*~ (hiding).
  4419 | D:5      | 4419 ||| DRINKING potion of curing.
  4419 | D:5      | 4419 ||| (to cure confusion)
  4482 | D:5      | Reached skill level 7 in Axes
  4579 | D:5      | 4579 ||| Stepping ~*~*~tactically~*~*~ (stealth).
  4581 | D:5      | 4581 ||| Stepping ~*~*~tactically~*~*~ (stealth).
  4593 | D:5      | 4593 ||| DROPPING +0 whip.
  4647 | D:5      | Found Oddydgh's Assorted Antiques.
  4653 | D:5      | 4653 ||| Stepping ~*~*~tactically~*~*~ (hiding).
  4654 | D:5      | 4654 ||| Stepping ~*~*~tactically~*~*~ (hiding).
  4656 | D:5      | 4656 ||| Stepping ~*~*~tactically~*~*~ (hiding).
  4669 | D:5      | 4669 ||| Stepping ~*~*~tactically~*~*~ (stealth).
  4709 | D:5      | 4709 ||| BUYING long brass wand (120 gold).
  4709 | D:5      | Bought a long brass wand for 120 gold pieces
  4709 | D:5      | 4709 ||| BUYING scroll labelled CIPOJA KEAKA (30 gold).
  4709 | D:5      | Bought a scroll labelled CIPOJA KEAKA for 30 gold pieces
  4709 | D:5      | 4709 ||| SHOPLISTING scroll of identify (60 gold, have 32).
  4709 | D:5      | 4709 ||| SHOPLISTING scroll of teleportation (90 gold, have
                  | 32).
  4709 | D:5      | 4709 ||| SHOPLISTING shiny ring mail (210 gold, have 32).
  4709 | D:5      | 4709 ||| SHOPLISTING tubular wooden ring (150 gold, have
                  | 32).
  4905 | D:5      | Reached XP level 8. HP: 43/49 MP: 8/8
  5019 | D:5      | Reached skill level 1 in Throwing
  5092 | D:5      | 5092 ||| READING scroll labelled HITEDGH YLAE.
  5093 | D:5      | 5093 ||| READING scroll labelled CIPOJA KEAKA.
  5128 | D:5      | 5128 ||| READING scroll labelled YSUNICW WUVUTO.
  5129 | D:5      | 5129 ||| DRINKING 4 fuming orange potions.
  5130 | D:5      | 5130 ||| READING 2 scrolls of identify.
  5130 | D:5      | 5130 ||| IDENTIFYING murky orange potion
  5131 | D:5      | 5131 ||| DROPPING 3 potions of brilliance.
  5132 | D:5      | 5132 ||| DROPPING wand of roots (7).
  5286 | D:6      | Found a staircase to the Ecumenical Temple.
  5287 | D:6      | 5287 ||| PLANNING TEMPLE
  5298 | Temple   | Entered the Ecumenical Temple
  5475 | Temple   | 5475 ||| PLANNING D:1-11
  5594 | D:6      | 5594 ||| Stepping ~*~*~tactically~*~*~ (hiding).
  5675 | D:6      | 5675 ||| Stepping ~*~*~tactically~*~*~ (hiding).
  5695 | D:6      | Reached skill level 8 in Axes
  5749 | D:6      | Found Puit's Armour Boutique.
  5780 | D:6      | 5780 ||| SHOPLISTING +0 pair of gloves (67 gold, have 49).
  5780 | D:6      | 5780 ||| SHOPLISTING +1 plate armour of positive energy
                  | (480 gold, have 49).
  5940 | D:6      | Noticed a two-headed ogre
  5950 | D:6      | Slain by a two-headed ogre

Levels and vault maps discovered:
D:1:      amcnicky_arrival_blooded_trapdoor, layout_loops_cross,
          minmay_misc_feat_secret_circle, hangedman_decor_slide_cut
D:2:      layout_loops_corners, shapermc_ecumenical_altar_mp_vishouse,
          minmay_pentomino_t2
D:3:      kennysheep_big_flooded_room, layout_basic, led_sif_pool
D:4:      cheibrodos_helix_gallery, layout_layer_cave, trog_wizard,
          mainiacjoe_overflow_24_doors, uniq_crazy_yiuf_cottage, uniq_grinder,
          uniq_natasha, uniq_sigmund, uniq_ijyb
D:5:      layout_loops_cross, serial_shops, nicolae_shop_stone,
          grunt_decor_mini_mirrors
D:6:      layout_loops_corners, minmay_temple_entry_overgrown,
          nicolae_wooded_promenade, serial_bayou_pond_b
Temple:   chequers_temple_sunken

Skill      XL: |  1  2  3  4  5  6  7  8 |
---------------+-------------------------+-----
Axes           | 2 3 4 5 6 7 8 |  8.0
Fighting       | 4 5 |  5.9
Dodging        | 1 |  1.0
Throwing       | 1 |  1.2
Armour         | |  3.2
Shields        | |  3.2

Action                     |  1- 3 |  4- 6 |  7- 9 || total
---------------------------+-------+-------+-------++-------
  Melee: War axe           |   127 |   108 |   183 ||   418
  Throw: Boomerang         |       |       |    14 ||    14
    Use: Scroll            |     3 |     3 |     8 ||    14
         Potion            |       |     1 |     6 ||     7
 Armour: Scale mail        |    92 |     5 |       ||    97
         Ring mail         |       |    40 |       ||    40
         Chain mail        |       |    19 |    68 ||    87
  Dodge: Dodged            |    71 |    39 |    57 ||   167
  Block: Buckler           |    24 |    20 |    54 ||    98
         Reflection        |       |       |     2 ||     2

Table legend:
 A = Non-vault XP
 B = Vault XP
 C = Vault XP percentage of total XP
 D = Non-vault monster count
 E = Vault monster count
 F = Vault count percentage of total count
                 A         B        C        D         E       F
            +---------+---------+-------+---------+---------+-------
      Total |    1363 |     382 |  21.9 |      97 |       9 |   8.5
            +---------+---------+-------+---------+---------+-------
        D:1 |      36 |       0 |   0.0 |      23 |       0 |   0.0
        D:2 |      84 |       2 |   2.3 |      18 |       2 |  10.0
        D:3 |     172 |      28 |  14.0 |      13 |       2 |  13.3
        D:4 |      23 |     352 |  93.9 |       5 |       5 |  50.0
        D:5 |     541 |       0 |   0.0 |      25 |       0 |   0.0
        D:6 |     507 |       0 |   0.0 |      13 |       0 |   0.0
            +---------+---------+-------+---------+---------+-------
